 Dungeon Crawl Stone Soup version 0.32-a0-837-g8d3e27d251 (webtiles) character file.

Game seed: 9657963976353469111

39671 Bamboolord the Nimble (level 13, -3/131 HPs)
             Began as a Troll Shapeshifter on Mar 26, 2024.
             Was a High Priest of the Shining One.
             Slain by an entropy weaver (14 damage)
             ... on level 3 of the Lair of Beasts.
             The game lasted 00:40:19 (13789 turns).

Bamboolord the Nimble (Troll Shapeshifter)         Turns: 13789, Time: 00:40:20

Health: -3/131     AC:  1    Str: 29    XL:     13   Next: 70%
Magic:  17/17      EV: 10    Int:  6    God:    the Shining One [*****.]
Gold:   505        SH:  5    Dex:  5    Spells: 12/12 levels left

rFire   . . .        a - +11 giant club of Certain Death {venom, SInv}
rCold   + . .        (shield currently unavailable)
rNeg    + + +        L - +0 troll leather armour
rPois   .            (helmet currently unavailable)
rElec   .            (cloak currently unavailable)
rCorr   .            (gloves unavailable)
SInv    +            (boots unavailable)
Will    .....        w - amulet of reflection
Stlth   +            N - +4 ring of protection
HPRegen 2.01/turn    P - ring of Gesm {rC+ rN+ Dex-4 Slay+5}
MPRegen 0.15/turn

%: reflection
@: about to teleport, beast-form, corroded, glowing, studying Dodging
A: beast (slay +4), large, unfitting armour, claws 3, regeneration 1, shaggy fur
1, tough skin 1
a: Begin Untransformation, Renounce Religion, Divine Shield, Cleansing Flame,
Summon Divine Warrior


You were on level 3 of the Lair of Beasts.
You worshipped the Shining One.
The Shining One was extremely pleased with you.
You were a hulking beast.
You visited 3 branches of the dungeon, and saw 15 of its levels.
You also visited: Bailey and Ice Cave.

You collected 855 gold pieces.
You spent 350 gold pieces at shops.

Inventory:

Hand Weapons
 a - the +11 giant club of Certain Death (weapon) {venom, SInv}
   (You acquired it in a bailey)

   SInv:      It lets you see invisible.
 b - the +9 hammer "Foapp" {protect, rC+ Will+ SInv}
   (You found it on level 2 of the Dungeon)

   rC+:       It protects you from cold.
   Will+:     It increases your willpower.
   SInv:      It lets you see invisible.
 v - a +0 giant club of freezing
Missiles
 j - 9 large rocks (quivered)
 y - a javelin
 z - a boomerang
Armour
 d - a +0 cloak
 t - an orb of mayhem
 F - a scarf of shadows
 L - a +0 troll leather armour (worn)
Jewellery
 w - an amulet of reflection (around neck)
 x - a ring of ice
 N - a +4 ring of protection (left claw)
 O - an amulet of guardian spirit
 P - the ring of Gesm (right claw) {rC+ rN+ Dex-4 Slay+5}
   (You found it in an ice cave)

   [ring of protection from cold]

   Dex-4:     It affects your dexterity (-4).
   Slay+5:    It affects your accuracy & damage with ranged weapons and melee
   (+5).
   rC+:       It protects you from cold.
   rN+:       It protects you from negative energy.
Talismans
 c - a beast talisman (active)
 f - a granite talisman
Wands
 n - a wand of flame (11)
 q - a wand of digging (5)
 M - a wand of paralysis (10)
 S - a wand of warping (6)
 T - a wand of quicksilver (6)
Scrolls
 g - 4 scrolls of poison
 h - 8 scrolls of teleportation
 k - 2 scrolls of enchant weapon
 o - 3 scrolls of fear
 E - 3 scrolls of immolation
 I - a scroll of vulnerability {unknown}
 Q - a scroll of enchant armour {unknown}
 U - 2 scrolls of amnesia
Potions
 e - 3 potions of resistance
 i - 3 potions of heal wounds
 l - 3 potions of cancellation
 m - 5 potions of curing
 p - 3 potions of brilliance {unknown}
 r - 4 potions of haste {unknown}
 s - a potion of attraction {unknown}
 u - a potion of lignification
 B - 3 potions of enlightenment {unknown}
 C - 2 potions of degeneration {unknown}
 D - 2 potions of magic {unknown}
 G - 2 potions of mutation {unknown}
 J - a potion of might {unknown}
 R - a potion of invisibility {unknown}
Miscellaneous
 A - a condenser vane
 H - a lightning rod (4/4)
 K - a phantom mirror


   Skills:
 * Level 9.3 Fighting
 * Level 9.7 Maces & Flails
 + Level 6.2 Throwing
 * Level 10.9 Dodging
 - Level 4.2 Unarmed Combat
 + Level 7.0 Invocations
 * Level 10.6 Shapeshifting


You had 12 spell levels left.
You didn't know any spells.
Your spell library contained the following spells:

 Spells                   Type           Power      Damage    Failure   Level
 Shock                    Conj/Air       0%         1d3       50%         1
 Cigotuvi's Dreadful Rot  Necr/Alch/Air  0%         N/A       63%         2
 Lesser Beckoning         Tloc           0%         N/A       63%         2
 Dazzling Flash           Conj/Hex       0%         N/A       86%         3
 Gell's Gravitas          Tloc           0%         N/A       86%         3
 Mephitic Cloud           Conj/Alch/Air  0%         N/A       86%         3
 Swiftness                Air            0%         N/A       86%         3
 Teleport Other           Tloc           0%         N/A       86%         3
 Airstrike                Air            0%         2d(0-16)  99%         4
 Ignite Poison            Fire/Alch      0%         N/A       99%         4
 Curse of Agony           Necr           0%         N/A       100%        5
 Freezing Cloud           Conj/Ice/Air   0%         6-21      100%        5
 Silence                  Hex/Air        0%         N/A       100%        5


Dungeon Overview and Level Annotations

Branches:
Dungeon (11/15)            Temple (1/1) D:5            Lair (3/5) D:9
  Swamp (0/4) Lair:3        Snake (0/4) Lair:2          Orc (0/2) D:10
 Bailey (visited)           IceCv (visited)

Altars:
Ashenzari
Cheibriados
Dithmenos
Elyvilon
Fedhas
Gozag
Hepliaklqana
Kikubaaqudgha
Makhleb
Nemelex Xobeh
Okawaru
Qazlal
Ru
Sif Muna
Trog
Uskayaw
Vehumet
Wu Jian
Xom
Yredelemnul
Zin
The Shining One

Shops:
D:1 ?

Annotations:
D:8 1 runed translucent door, paps's ghost, novice DsGl
D:9 1 runed translucent door, exclusion: 4 orange crystal statues


Innate Abilities, Weirdness & Mutations

You are a hulking beast.
Your limbs bulge with bestial killing power. (Slay +4)
You are too large for most types of armour.
You have claws for hands.
Your natural rate of healing is unusually fast.
You are covered in fur. (AC +1)
You have tough skin. (AC +1)


Message History

The fire crab is almost dead.
You kill the fire crab!
Unknown command.
The entropy weaver hits you!
The entropy weaver hits you but does no damage.
The entropy weaver hits you! You block the entropy weaver's attack.
A fire crab comes into view.
You closely miss the entropy weaver. You block the entropy weaver's attack.
The entropy weaver misses you.
The entropy weaver completely misses you. x2
You bludgeon the entropy weaver!!
The entropy weaver looks as sick as possible!
The entropy weaver is heavily wounded.
You block the entropy weaver's attack. The entropy weaver hits you.
The entropy weaver hits you but does no damage.
The entropy weaver hits you! x2; The entropy weaver hits you.
The entropy weaver hits you! The entropy weaver barely misses you.
You see here a deep dwarf skeleton.
The entropy weaver attacks as it pursues you!
The entropy weaver closely misses you. The entropy weaver hits you.
The entropy weaver hits you! x2
* * * LOW HITPOINT WARNING * * *
The entropy weaver casts a spell at you.
The entropic weave corrodes you!
You feel much better. You block the entropy weaver's attack.
The entropy weaver hits you! The entropy weaver hits you.
* * * LOW HITPOINT WARNING * * *
The entropy weaver barely misses you.
As you read the scroll of teleportation, it crumbles to dust.
You feel strangely unstable. The entropy weaver closely misses you.
The entropy weaver hits you!
* * * LOW HITPOINT WARNING * * *
The entropy weaver barely misses you. The entropy weaver hits you!
* * * LOW HITPOINT WARNING * * *
Unknown command.
The entropy weaver attacks as it pursues you!
The entropy weaver closely misses you. The entropy weaver hits you!
* * * LOW HITPOINT WARNING * * *
You block the entropy weaver's attack. The entropy weaver hits you!
You die...

♣#.#............................#
♣.............#..##............##
..............P....'...........P#
...............................##
####................)............
..............##...........###.#.
.................................
..P#####.################......#[
.### #.#..t..Bh..÷....#......#.
## #####.#.############÷#......#.
P# #..P#.#.# #.#..+.....
.####P.#.#.# #.#..#...#.
.........#.# #.#........
.........#t# #.#..#.#...
..###....#.# #†#........
.....#...#÷# #÷#........
.....#...#.. #.#........


You could see an entropy weaver (very poisoned) and a fire crab.

Vanquished Creatures
  A frost giant (IceCv)
  2 ghost crabs (Lair:3)
  A catoblepas (D:9)
  A two-headed ogre (D:11)
  4 death yaks (IceCv)
  2 skysharks (Lair:3)
  3 fire crabs (Lair:3)
  An orc knight (Bailey)
  An ugly thing (IceCv)
  A cyclops (D:11)
  2 manticores (D:11)
  5 torpor snails (Lair:1)
  An ice statue (IceCv)
  A black mamba (Lair:3)
  6 cane toads
  7 rime drakes (IceCv)
  2 komodo dragons
  3 kobold demonologists (D:11)
  7 polar bears
  A troll (D:9)
  Prince Ribbit (D:7)
  11 dream sheep (Lair:3)
  6 blink frogs
  Sigmund (D:3)
  A wyvern (Lair:3)
  A shadow (D:11)
  4 wraiths
  42 yaks
  An unseen horror simulacrum (D:10)
  3 basilisks
  A steam dragon (D:8)
  A death yak simulacrum (Lair:1)
  2 nagas (Lair:2)
  8 water moccasins
  A spectral torpor snail (Lair:3)
  4 ice beasts
  16 orc warriors
  A sky beast (D:6)
  2 black bears
  7 wolves
  An ogre (D:5)
  8 centaurs
  6 kobold brigands
  9 bullfrogs
  A gnoll sergeant (D:7)
  5 scorpions
  7 wights (D:8)
  6 howler monkeys
  27 killer bees
  2 electric eels (D:10)
  A jelly (D:4)
  A bombardier beetle (D:3)
  2 hounds
  Crazy Yiuf (D:2)
  9 orc priests
  2 iguanas (D:6)
  A sleepcap (D:8)
  12 orc wizards
  Robin (D:3)
  6 gnolls
  9 adders
  2 shadow imps (D:7)
  A white imp (D:5)
  A howler monkey simulacrum (D:10)
  2 ufetubi (D:6)
  The ghost of flt the Sneak, a weakling FoDe (D:6)
  A dart slug (D:1)
  2 ribbon worms
  43 orcs
  3 endoplasms
  3 giant cockroaches
  16 goblins
  8 hobgoblins
  3 quokkas
  5 ball pythons
  5 bats
  3 frilled lizards
  21 kobolds
  7 rats
410 creatures vanquished.

Vanquished Creatures (collateral kills)
  A polar bear (IceCv)
  2 yaks
  An orc warrior (Bailey)
  2 wolves (IceCv)
  A bullfrog (D:7)
  A wight (D:8)
  A killer bee (D:7)
  3 gnolls
  13 orcs
  3 kobolds
28 creatures vanquished.

Vanquished Creatures (others)
  An orc warrior (D:8)
  A howler monkey (D:8)
  An orc priest (D:8)
  2 gnolls
  2 orcs
7 creatures vanquished.

Grand Total: 445 creatures vanquished

Notes
Turn   | Place    | Note
-------+----------+-------------------------------------------
     0 | D:1      | Bamboolord the Troll Shapeshifter began the quest for the
                  | Orb.
     0 | D:1      | Reached XP level 1. HP: 18/18 MP: 0/0
    52 | D:1      | Reached skill level 1 in Fighting
   133 | D:1      | Reached XP level 2. HP: 27/27 MP: 1/1
   380 | D:1      | Found Woopunai's Magic Scroll Shop.
   702 | D:1      | Bought a scroll of teleportation for 39 gold pieces
   806 | D:2      | Reached XP level 3. HP: 29/33 MP: 2/2
   811 | D:2      | Found a faded altar of an unknown god.
   901 | D:2      | Prayed at the altar of an unknown god.
   901 | D:2      | Became a worshipper of the Shining One
   901 | D:2      | Reached * piety under the Shining One
  1013 | D:2      | Found a runed translucent door.
  1014 | D:2      | Noticed Crazy Yiuf
  1692 | D:3      | Reached XP level 4. HP: 32/41 MP: 3/3
  1858 | D:3      | Noticed Robin
  1862 | D:3      | Killed Robin
  1880 | D:3      | Reached XP level 5. HP: 44/49 MP: 4/4
  1892 | D:3      | Found a sparkling altar of Nemelex Xobeh.
  2046 | D:3      | Noticed Sigmund
  2052 | D:3      | Killed Sigmund
  2053 | D:3      | Reached skill level 1 in Invocations
  2053 | D:3      | Reached XP level 6. HP: 50/58 MP: 4/6
  2218 | D:3      | Found a hazy altar of Hepliaklqana.
  2493 | D:2      | Killed Crazy Yiuf
  2497 | D:2      | Identified the +9 hammer "Foapp" {protect, rC+ Will+ SInv}
  2818 | D:4      | Reached ** piety under the Shining One
  2842 | D:4      | Reached skill level 1 in Maces & Flails
  2842 | D:4      | Reached XP level 7. HP: 65/66 MP: 7/7
  3184 | D:5      | Entered Level 5 of the Dungeon
  3320 | D:5      | Identified the +3 quarterstaff of Cedolaish {freeze,
                  | Stlth+}
  3569 | D:5      | Reached skill level 5 in Shapeshifting
  3624 | D:5      | Reached XP level 8. HP: 65/75 MP: 8/8
  3947 | D:5      | Found a staircase to the Ecumenical Temple.
  4082 | Temple   | Entered the Ecumenical Temple
  4268 | D:6      | Found a runed translucent gate.
  4271 | D:6      | Found a runed translucent gate.
  4273 | D:6      | Found a runed translucent gate.
  4274 | D:6      | Noticed flt's ghost (weakling FoDe)
  4296 | D:6      | Killed flt's ghost
  4786 | D:7      | Found a glowing silver altar of Zin.
  4786 | D:7      | Found an opulent altar of Gozag.
  4854 | D:7      | Found a broken altar of Ashenzari.
  4892 | D:7      | Found a hide-covered altar of Uskayaw.
  4938 | D:7      | Reached skill level 1 in Throwing
  4938 | D:7      | Reached XP level 9. HP: 72/85 MP: 10/10
  5040 | D:7      | Reached *** piety under the Shining One
  5272 | D:7      | Reached skill level 5 in Dodging
  5744 | D:8      | Noticed Prince Ribbit
  5753 | D:7      | Killed Prince Ribbit
  5766 | D:7      | Reached skill level 5 in Fighting
  6070 | D:8      | Found a runed translucent door.
  6077 | D:8      | Reached skill level 5 in Maces & Flails
  6108 | D:8      | Noticed a manticore
  6108 | D:8      | Noticed paps's ghost (novice DsGl)
  6219 | D:8      | Reached XP level 10. HP: 64/96 MP: 12/12
  6750 | D:9      | Found a shimmering altar of Xom.
  6761 | D:9      | Found a flagged portal.
  6769 | Bailey   | Entered a bailey
  7206 | Bailey   | Found a roughly hewn altar of Beogh.
  7206 | Bailey   | Noticed an orc knight
  7244 | Bailey   | Killed an orc knight
  7391 | Bailey   | Acquired the +11 giant club of Certain Death {venom, SInv}
  7588 | D:1      | Bought a scroll of enchant weapon for 97 gold pieces
  7588 | D:1      | Bought a scroll of revelation for 97 gold pieces
  7588 | D:1      | Bought 3 scrolls of teleportation for 117 gold pieces
  7767 | D:9      | Found an iron altar of Okawaru.
  7782 | D:9      | Reached **** piety under the Shining One
  7879 | D:9      | Reached XP level 11. HP: 107/107 MP: 13/13
  7990 | D:9      | Found a shadowy altar of Dithmenos.
  8059 | D:9      | Noticed a catoblepas
  8073 | D:9      | HP: 3/107 [yak (11)]
  8083 | D:9      | Killed a catoblepas
  8084 | D:9      | Reached skill level 5 in Invocations
  8346 | D:9      | Found a staircase to the Lair.
  8380 | D:9      | Noticed an orange crystal statue
  8388 | D:9      | Found a runed translucent door.
  8391 | D:9      | Found the +10 tower shield of Ignorance {rN+ Int-4}
  8418 | D:9      | Found a runed translucent door.
  8445 | D:9      | Noticed an orange crystal statue
  8445 | D:9      | Noticed an orange crystal statue
  8445 | D:9      | Noticed an orange crystal statue
  8536 | D:9      | Noticed a two-headed ogre
  8792 | D:9      | Found a shimmering blue altar of Sif Muna.
  8893 | D:9      | Found an ornate altar of the Wu Jian Council.
  8932 | D:10     | Entered Level 10 of the Dungeon
  9033 | D:10     | Found a transporter.
  9047 | D:10     | Found a transporter.
  9051 | D:10     | Found a transporter.
  9053 | D:10     | Found a transporter.
  9212 | D:10     | Reached ***** piety under the Shining One
  9527 | D:10     | Found a staircase to the Orcish Mines.
  9925 | D:11     | Noticed a two-headed ogre
  9933 | D:11     | Killed a two-headed ogre
  9971 | D:11     | Found a stormy altar of Qazlal.
 10059 | D:11     | Reached XP level 12. HP: 89/118 MP: 15/15
 10226 | D:11     | Identified the +5 trident of Flawed Execution {flame, rPois
                  | Will++}
 10632 | Lair:1   | Entered Level 1 of the Lair of Beasts
 10666 | Lair:1   | Found a hazy altar of Hepliaklqana.
 10699 | Lair:1   | Found a frozen archway.
 10710 | IceCv    | Entered an ice cave
 10736 | IceCv    | Noticed a death yak
 10751 | IceCv    | Killed a death yak
 10754 | IceCv    | Reached skill level 5 in Throwing
 10972 | IceCv    | Noticed a death yak
 10978 | IceCv    | Killed a death yak
 11024 | IceCv    | Noticed a death yak
 11032 | IceCv    | Killed a death yak
 11096 | IceCv    | Noticed a frost giant
 11096 | IceCv    | Noticed a death yak
 11113 | IceCv    | Killed a frost giant
 11117 | IceCv    | Killed a death yak
 11202 | IceCv    | Identified the ring of Gesm {rC+ rN+ Dex-4 Slay+5}
 11388 | Lair:1   | Reached XP level 13. HP: 128/128 MP: 16/16
 11392 | Lair:1   | Found a snail-covered altar of Cheibriados.
 11599 | Lair:1   | Reached skill level 10 in Shapeshifting
 11674 | Lair:1   | Reached skill level 10 in Dodging
 12136 | Lair:2   | Found a staircase to the Snake Pit.
 12231 | Lair:2   | Found a hide-covered altar of Uskayaw.
 12977 | Lair:3   | Found a staircase to the Swamp.
 13239 | Lair:3   | Found a runed translucent door.
 13789 | Lair:3   | Slain by an entropy weaver

Illustrated notes

Levels and vault maps discovered:
D:1:      ebering_hopf_link, layout_basic, serial_shops, shop
D:2:      layout_basic, serial_glass, glass_columns_b, glass_columns_a,
          glass_columns_b, glass_columns_c, glass_columns_a, glass_columns_b,
          glass_columns_b, glass_columns_b, glass_columns_b, glass_columns_a,
          glass_columns_c, glass_columns_b, glass_columns_a, glass_columns_a,
          hellmonk_ecumenical_altar_run_dry, kennysheep_crisscross,
          minmay_cupped, uniq_crazy_yiuf_cottage
D:3:      layout_basic, mainiacjoe_overflow_alcove_2,
          nemelex_xobeh_ov_fountains_minmay, minivault_25, uniq_robin,
          uniq_sigmund
D:4:      layout_loops_ring
D:5:      layout_basic, temple_fountains, serial_bayou_pond_b
D:6:      layout_rooms, ebering_ghost_rock_garden
D:7:      layout_cave_pods, grunt_temple_overflow_gold_and_silver,
          mainiacjoe_overflow_brackets, mainiacjoe_overflow_six_doors_small
D:8:      layout_cave_pools, ebering_ghost_inner_flame, st_stairs_7,
          uniq_prince_ribbit1
D:9:      layout_roguey, nicolae_overflow_quartered_altars,
          nicolae_overflow_crystal_walls, grunt_lair_entry_orc_guard_hut,
          enter_bailey_2, chequers_guarded_unrand_ignorance
D:10:     layout_loops_cross, david_orc_4, serial_ice, serial_ice_n,
          serial_ice_l, serial_ice_d, serial_ice_f, nicolae_transporter_circle
D:11:     layout_basic, hangedman_decor_growths, minmay_misc_feat_ornament,
          grunt_qazlal_sundering
Temple:   hellmonk_temple_of_storms
Lair:1:   layout_chaotic_city, basic_altar, portal_ice_cave_entry_ice_simulacra,
          kennysheep_snail_temple
Lair:2:   layout_long_grid, guppyfry_snake_entry_garden, basic_altar,
          infiniplex_staircase_pool
Lair:3:   gammafunk_mikee_crab_dinner, layout_chaotic_city,
          nicolae_swamp_entry_spooky, serial_bayou_shore_b, grunt_megastairs_2

Skill      XL: |  1  2  3  4  5  6  7  8  9 10 11 12 13 |
---------------+----------------------------------------+-----
Fighting       | 1 2 3 4 5 6 7 8 9 |  9.3
Dodging        | 2 3 4 5 6 7 9 10 | 10.9
Unarmed Combat | 4 |  4.2
Invocations    | 1 2 3 4 5 6 7 |  7.0
Shapeshifting  | 4 5 6 7 8 9 10 | 10.6
Maces & Flails | 1 2 3 5 6 7 8 9 |  9.7
Throwing       | 1 2 3 4 5 6 |  6.2

Action                     |  1- 3 |  4- 6 |  7- 9 | 10-12 | 13-15 || total
---------------------------+-------+-------+-------+-------+-------++-------
  Melee: Unarmed           |    83 |    49 |       |       |       ||   132
         Punch             |     2 |       |       |       |       ||     2
         Mace              |       |    25 |   192 |    96 |       ||   313
         Giant club        |       |       |       |   320 |   110 ||   430
  Throw: Javelin           |       |       |     4 |     2 |       ||     6
         Large rock        |       |       |     8 |    13 |    18 ||    39
 Invoke: Cleansing Flame   |       |       |       |     1 |       ||     1
         Summon Divine War |       |       |       |     1 |       ||     1
  Evoke: Condenser vane    |       |       |       |     2 |       ||     2
    Use: Scroll            |       |       |     6 |     9 |     1 ||    16
         Potion            |       |       |       |     3 |     1 ||     4
 Armour: Animal skin       |    49 |    12 |       |       |       ||    61
         Robe              |       |    34 |   276 |   146 |       ||   456
         Troll leather arm |       |       |       |   309 |   144 ||   453
  Dodge: Dodged            |    28 |    31 |   168 |   281 |    60 ||   568
  Block: Other             |       |       |       |    74 |    21 ||    95
         Reflection        |       |       |       |     3 |       ||     3
   Form: Statue            |       |       |     1 |       |     1 ||     2
         Beast             |       |       |     1 |       |     1 ||     2

Table legend: (Time is in decaauts)
 A = Elapsed time spent in this place.
 B = Non-inter-level travel time spent in this place.
 C = Inter-level travel time spent in this place.
 D = Time resting spent in this place.
 E = Time spent auto-exploring this place.
 F = Levels seen in this place.
 G = Mean time per level.
                   A        B        C        D        E       F      G
               +--------+--------+--------+--------+--------+-----+--------+
         Total |  14012 |  12898 |   1114 |   1180 |   7734 |  17 |  824.2 |
       Dungeon |  10139 |   9116 |   1023 |    671 |   5990 |  11 |  921.7 |
        Temple |      1 |      1 |      0 |      0 |      0 |   1 |    1.0 |
          Lair |   2604 |   2513 |     91 |    167 |   1742 |   3 |  868.0 |
        Bailey |    651 |    651 |      0 |    196 |      0 |   1 |  651.0 |
      Ice Cave |    615 |    615 |      0 |    146 |      2 |   1 |  615.0 |
               +--------+--------+--------+--------+--------+-----+--------+

Top non-repeatable levels by time:
     D:9: 1386 daAuts
     D:2: 1285 daAuts
     D:7: 1285 daAuts
     D:5: 995 daAuts
  Lair:3: 995 daAuts
    D:10: 946 daAuts
     D:3: 885 daAuts
  Lair:2: 807 daAuts
  Lair:1: 801 daAuts
    D:11: 764 daAuts
     D:8: 753 daAuts
  Bailey: 651 daAuts
     D:4: 646 daAuts
     D:6: 646 daAuts
   IceCv: 615 daAuts
